 Dungeon Crawl Stone Soup version 0.17-a0-1798-g879a7aa (webtiles) character file.

48 Medved the Sneak (level 3, -3/29 HPs)
             Began as a Demigod Assassin on Sept 10, 2015.
             Slain by Natasha (7 damage)
             ... on level 2 of the Dungeon.
             The game lasted 00:02:50 (2278 turns).

Medved the Sneak (Demigod Assassin)                 Turns: 2278, Time: 00:02:50

Health: -3/29      AC:  3    Str: 14    XL:     3   Next: 30%
Magic:  5/5        EV: 12    Int: 15    God:
Gold:   20         SH:  0    Dex: 19    Spells: 0 memorised, 2 levels left

rFire  . . .     SeeInvis .     a - +2 dagger
rCold  . . .     Clarity  .     c - +0 robe
rNeg   . . .     SustAt   +     (no shield)
rPois  .         Gourm    .     (no helmet)
rElec  .         Spirit   .     d - +0 cloak
rCorr  .         Warding  .     (no gloves)
rMut   .         Stasis   .     (no boots)
MR     .....                    (no amulet)
Stlth  +++.......               (no ring)
                                (no ring)

@: not resistant to hostile enchantments, fairly stealthy
A: high mp 1, sustain attributes
a: no special abilities


You were on level 2 of the Dungeon.
You were not hungry.

You visited 1 branch of the dungeon, and saw 2 of its levels.

You collected 20 gold pieces.

Inventory:

Hand weapons
 a - a +2 dagger (weapon)
 b - a +0 blowgun
Missiles
 e - 18 poisoned needles
 f - 2 curare-tipped needles
Armour
 c - a +0 robe (worn)
 d - a +0 cloak (worn)
Jewellery
 i - an uncursed ring of magical power {unknown}
 j - an uncursed ring of protection from fire {unknown}
 l - an uncursed ring of flight {unknown}
 m - an uncursed ring of ice {unknown}
 v - an uncursed ring of ice {unknown}
Scrolls
 h - 4 scrolls of identify {unknown}
 o - 2 scrolls of enchant weapon {unknown}
 q - a scroll of fear {unknown}
 u - a scroll of immolation {unknown}
Potions
 k - a potion of haste {unknown}
 n - 2 potions of curing {unknown}
 r - 2 potions of heal wounds {unknown}
 s - 2 potions of magic {unknown}
 t - a potion of cure mutation {unknown}
 x - a potion of lignification {unknown}
Comestibles
 g - a bread ration
 p - 3 meat rations
 w - a chunk of flesh


   Skills:
 + Level 1.9 Fighting
 * Level 2.2 Short Blades
 - Level 1.7 Throwing
 + Level 1.1 Dodging
 * Level 4.6 Stealth


You had 2 spell levels left.
You didn't know any spells.

Dungeon Overview and Level Annotations

Branches:
Dungeon (2/15)

Annotations:
D:2 Natasha


Innate Abilities, Weirdness & Mutations

You have an increased reservoir of magic (+10% MP).
Your attributes are resistant to harm.


Message History

The crimson imp misses you. Natasha barely misses you.
You closely miss Natasha.
Natasha is heavily wounded.
The crimson imp barely misses you. Natasha claws you.
* * * LOW HITPOINT WARNING * * *
You barely miss Natasha.
Natasha is heavily wounded.
The crimson imp barely misses you.
You hit Natasha but do no damage.
Natasha is heavily wounded.
Natasha claws you.
* * * LOW HITPOINT WARNING * * *
The crimson imp misses you.
You hit Natasha but do no damage.
Natasha is heavily wounded.
Natasha closely misses you. The crimson imp misses you.
You barely miss Natasha.
Natasha is heavily wounded.
Natasha claws you!
You die...

#.# .# #####.#..#.#
#...#.#..#.#
#####...#.#.(#.#
#............#.#
#.###...#.##.#.# #.#
#...#.##.#.######## #.#
#...#†##5.......... #.#
#...#..@h5......... #.#
#...#.###...?......
#.###...#.###..........
#...........#..........
####....§...#.......$..
#........#..........
#........#..........
#†###....#..........
#.# #....#..........


You could see Natasha, a crimson imp and a shadow imp.

Vanquished Creatures
  2 adders (D:2)
  3 giant geckos (D:1)
  2 giant cockroaches (D:2)
  3 kobolds (D:1)
  3 bats (D:1)
  A giant newt (D:1)
  5 goblins
  4 jackals (D:2)
  4 rats (D:1)
27 creatures vanquished.

Notes
Turn   | Place    | Note
--------------------------------------------------------------
     0 | D:1      | Medved the Demigod Assassin began the quest for the Orb.
     0 | D:1      | Reached XP level 1. HP: 17/17 MP: 3/3
   589 | D:1      | Reached skill level 4 in Stealth
   644 | D:1      | Reached XP level 2. HP: 2/24 MP: 4/4
  1300 | D:1      | Reached skill level 1 in Dodging
  2054 | D:2      | Reached XP level 3. HP: 22/29 MP: 5/5
  2229 | D:2      | Noticed Natasha
  2278 | D:2      | Slain by Natasha

Vault maps used:
D:1:      lightli_arrival_isolated_outpost
D:2:      uniq_natasha

Action                   || total
-------------------------++-------
Melee: Dagger            ||   127
 Stab: Sleeping          ||     6
  Eat: Chunk             ||     4
